[ AOE2 MATCH · #468889751 ]
Team RMVietnamese vs Vikings
[ REPLAY ANALYSIS · EXTRACTED FROM THE RECORDED GAME ]
Feudal
10:51
Castle
19:00
Imperial
—
| APM avg | 11.8 |
| APM peak | 30 |
| eAPM avg | 8.2 |
| Villagers / military | 68 / 12 |
Focus
⚔️ 15.1% · 🌾 84.9%
Skirmisher ×7 · Archer ×5
Feudal
9:43
Castle
17:35
Imperial
—
| APM avg | 19.4 |
| APM peak | 44 |
| eAPM avg | 13.5 |
| Villagers / military | 92 / 25 |
Focus
⚔️ 14.9% · 🌾 85.1%
Camel Scout ×25
Feudal
11:01
Castle
25:14
Imperial
—
| APM avg | 13.1 |
| APM peak | 35 |
| eAPM avg | 9.1 |
| Villagers / military | 58 / 26 |
Focus
⚔️ 27.7% · 🌾 72.3%
Knight ×13 · Scout Cavalry ×12 · Fire Lancer ×1
Feudal
10:26
Castle
22:38
Imperial
—
| APM avg | 22.9 |
| APM peak | 52 |
| eAPM avg | 12.2 |
| Villagers / military | 61 / 43 |
Focus
⚔️ 25.1% · 🌾 74.9%
Archer ×27 · Berserk ×12 · Battering Ram ×3 · Spearman ×1
Match map
Resources at game start + every placement click. Thick line = wall · dashed box = detected house wall. 🟡 gold · ⚪ stone · 🟢 berries · 🔶 boar · ⭕ relic
Inputs per minute
— HulkHoden - - Alex
Build order — HulkHoden
133 actions detected in the replay
| 0:00 | Create | Villager (Male) |
| 0:01 | Create | Villager (Male) |
| 0:02 | Create | Villager (Male) |
| 0:04 | Build | House |
| 0:06 | Build | House |
| 0:53 | Create | Villager (Male) |
| 1:25 | Create | Villager (Male) |
| 2:19 | Create | Villager (Male) |
| 2:19 | Create | Villager (Male) |
| 2:26 | Build | Lumber Camp |
| 3:16 | Build | House |
| 3:25 | Create | Villager (Male) |
| 3:26 | Create | Villager (Male) |
| 4:22 | Build | Mill |
| 4:25 | Create | Villager (Male) |
| 4:25 | Create | Villager (Male) |
| 5:04 | Build | House |
| 5:21 | Create | Villager (Male) |
| 5:21 | Create | Villager (Male) |
| 5:22 | Create | Villager (Male) |
| 6:10 | Create | Villager (Male) |
| 6:11 | Create | Villager (Male) |
| 6:31 | Create | Villager (Male) |
| 6:31 | Create | Villager (Male) |
| 7:53 | Build | Barracks |
| 8:12 | Create | Villager (Male) |
| 8:12 | Create | Villager (Male) |
| 8:38 | Research | Feudal Age |
| 8:59 | Build | Farm |
| 9:31 | Build | Palisade Wall |
| 9:43 | Build | Palisade Gate |
| 10:11 | Build | House |
| 10:32 | Build | Farm |
| 10:38 | Build | Farm |
| 10:41 | Create | Villager (Male) |
| 10:42 | Create | Villager (Male) |
| 10:43 | Create | Villager (Male) |
| 10:43 | Create | Villager (Male) |
| 10:51 | Age | Feudal Age |
| 10:58 | Build | House |
| 11:10 | Research | Horse Collar |
| 11:17 | Build | Farm |
| 11:25 | Build | Farm |
| 11:29 | Build | Farm |
| 11:35 | Build | Farm |
| 12:20 | Build | Blacksmith |
| 12:59 | Build | Farm |
| 13:46 | Build | Market |
| 14:14 | Build | Mining Camp |
| 14:33 | Create | Villager (Male) |
| 14:34 | Create | Villager (Male) |
| 14:34 | Create | Villager (Male) |
| 14:43 | Build | House |
| 14:45 | Build | House |
| 15:13 | Build | House |
| 15:37 | Build | Archery Range |
| 15:41 | Build | Archery Range |
| 16:15 | Create | Villager (Male) |
| 16:16 | Research | Castle Age |
| 16:32 | Build | House |
| 16:34 | Build | House |
| 16:38 | Build | House |
| 16:39 | Build | House |
| 16:41 | Build | House |
| 16:57 | Build | Palisade Wall |
| 17:13 | Build | Farm |
| 17:20 | Research | Double-Bit Axe |
| 17:25 | Research | Gold Mining |
| 17:52 | Create | Skirmisher |
| 17:52 | Create | Skirmisher |
| 17:53 | Create | Skirmisher |
| 17:53 | Create | Skirmisher |
| 17:53 | Create | Skirmisher |
| 18:57 | Create | Skirmisher |
| 18:59 | Create | Skirmisher |
| 19:00 | Age | Castle Age |
| 19:08 | Research | Fletching |
| 19:13 | Research | Padded Archer Armor |
| 20:07 | Build | Town Center |
| 20:31 | Create | Villager (Male) |
| 20:31 | Create | Villager (Male) |
| 20:32 | Create | Villager (Male) |
| 20:33 | Create | Villager (Male) |
| 22:24 | Create | Villager (Male) |
| 22:34 | Create | Villager (Male) |
| 22:41 | Build | Farm |
| 22:45 | Build | Farm |
| 22:55 | Build | Farm |
| 23:32 | Create | Villager (Male) |
| 23:38 | Create | Villager (Male) |
| 23:41 | Create | Villager (Male) |
| 23:57 | Create | Archer |
| 23:59 | Create | Archer |
| 24:00 | Create | Archer |
| 24:01 | Create | Archer |
| 24:02 | Create | Archer |
| 24:06 | Create | Villager (Male) |
| 24:08 | Create | Villager (Male) |
| 24:13 | Build | Farm |
| 24:34 | Create | Villager (Male) |
| 24:42 | Build | Farm |
| 24:45 | Create | Villager (Male) |
| 25:08 | Create | Villager (Male) |
| 25:16 | Create | Villager (Male) |
| 25:24 | Create | Villager (Male) |
| 25:37 | Build | Farm |
| 25:42 | Build | Farm |
| 25:53 | Create | Villager (Male) |
| 25:54 | Create | Villager (Male) |
| 25:54 | Create | Villager (Male) |
| 26:26 | Create | Villager (Male) |
| 26:27 | Create | Villager (Male) |
| 26:31 | Create | Villager (Male) |
| 27:12 | Create | Villager (Male) |
| 27:14 | Create | Villager (Male) |
| 27:16 | Create | Villager (Male) |
| 27:16 | Create | Villager (Male) |
| 27:17 | Create | Villager (Male) |
| 27:34 | Create | Villager (Male) |
| 27:49 | Create | Villager (Male) |
| 27:50 | Create | Villager (Male) |
| 27:50 | Create | Villager (Male) |
| 27:55 | Build | Mining Camp |
| 28:38 | Research | Crossbowman (upgrade) |
| 28:44 | Create | Villager (Male) |
| 29:00 | Create | Villager (Male) |
| 29:06 | Create | Villager (Male) |
| 29:18 | Create | Villager (Male) |
| 29:41 | Create | Villager (Male) |
| 29:43 | Create | Villager (Male) |
| 29:54 | Create | Villager (Male) |
| 29:58 | Create | Villager (Male) |
| 30:07 | Create | Villager (Male) |
Build order — Alex
First 150 of 217 actions detected
| 0:01 | Create | Villager (Male) |
| 0:01 | Create | Villager (Male) |
| 0:01 | Create | Villager (Male) |
| 0:02 | Build | House |
| 0:03 | Build | House |
| 0:05 | Build | House |
| 1:04 | Create | Villager (Male) |
| 1:37 | Create | Villager (Male) |
| 2:11 | Build | Lumber Camp |
| 2:13 | Create | Villager (Male) |
| 2:39 | Create | Villager (Male) |
| 2:52 | Create | Villager (Male) |
| 3:22 | Create | Villager (Male) |
| 3:45 | Create | Villager (Male) |
| 3:59 | Create | Villager (Male) |
| 4:08 | Build | House |
| 4:37 | Create | Villager (Male) |
| 5:06 | Create | Villager (Male) |
| 5:07 | Create | Villager (Male) |
| 5:45 | Build | Mill |
| 6:00 | Create | Villager (Male) |
| 6:01 | Create | Villager (Male) |
| 6:34 | Research | Loom |
| 7:33 | Research | Feudal Age |
| 7:43 | Build | House |
| 7:47 | Build | Palisade Wall |
| 7:59 | Create | Villager (Male) |
| 8:32 | Build | Palisade Wall |
| 8:34 | Build | Palisade Wall |
| 8:43 | Build | Palisade Wall |
| 8:47 | Create | Villager (Male) |
| 8:48 | Create | Villager (Male) |
| 8:57 | Build | Farm |
| 8:58 | Build | Farm |
| 9:31 | Create | Villager (Male) |
| 9:43 | Age | Feudal Age |
| 9:44 | Research | Double-Bit Axe |
| 10:15 | Build | Palisade Wall |
| 10:17 | Build | House |
| 10:19 | Build | House |
| 10:22 | Build | House |
| 10:27 | Build | Palisade Wall |
| 10:36 | Build | Building 800 |
| 10:40 | Create | Villager (Male) |
| 10:47 | Build | Farm |
| 10:54 | Create | Villager (Male) |
| 10:56 | Create | Villager (Male) |
| 11:01 | Build | Farm |
| 11:14 | Create | Villager (Male) |
| 11:15 | Create | Villager (Male) |
| 11:16 | Create | Villager (Male) |
| 11:23 | Create | Villager (Male) |
| 12:14 | Build | Market |
| 12:27 | Build | Blacksmith |
| 13:48 | Build | House |
| 13:50 | Build | House |
| 13:56 | Build | Palisade Wall |
| 14:55 | Research | Castle Age |
| 15:05 | Build | House |
| 15:07 | Build | House |
| 15:13 | Build | Palisade Wall |
| 15:23 | Build | Barracks |
| 15:53 | Create | Villager (Male) |
| 15:54 | Create | Villager (Male) |
| 16:20 | Build | House |
| 16:21 | Build | House |
| 17:34 | Build | Palisade Wall |
| 17:35 | Age | Castle Age |
| 17:40 | Build | Town Center |
| 17:45 | Build | Town Center |
| 17:53 | Create | Villager (Male) |
| 17:59 | Build | House |
| 18:10 | Research | Bow Saw |
| 18:13 | Create | Villager (Male) |
| 18:47 | Build | Stable |
| 18:52 | Create | Villager (Male) |
| 18:58 | Create | Villager (Male) |
| 18:59 | Create | Villager (Male) |
| 19:05 | Build | Farm |
| 19:05 | Build | Farm |
| 19:19 | Build | Mining Camp |
| 19:22 | Create | Villager (Male) |
| 20:10 | Build | Stable |
| 20:12 | Create | Villager (Male) |
| 20:23 | Create | Camel Scout |
| 20:24 | Create | Camel Scout |
| 20:42 | Create | Villager (Male) |
| 20:47 | Build | Farm |
| 20:48 | Build | Farm |
| 20:48 | Build | Farm |
| 20:53 | Build | Farm |
| 20:54 | Build | Farm |
| 20:55 | Build | Farm |
| 20:56 | Create | Villager (Male) |
| 21:06 | Create | Camel Scout |
| 21:34 | Create | Villager (Male) |
| 21:37 | Build | Farm |
| 21:38 | Build | Farm |
| 21:38 | Build | Farm |
| 21:42 | Build | Farm |
| 21:43 | Build | Farm |
| 21:44 | Build | Farm |
| 21:48 | Create | Camel Scout |
| 22:18 | Create | Camel Scout |
| 22:21 | Create | Villager (Male) |
| 22:23 | Create | Villager (Male) |
| 22:26 | Build | Farm |
| 22:30 | Build | Farm |
| 22:32 | Create | Villager (Male) |
| 22:34 | Create | Villager (Male) |
| 22:55 | Create | Villager (Male) |
| 22:56 | Create | Villager (Male) |
| 23:03 | Create | Villager (Male) |
| 23:06 | Build | Farm |
| 23:10 | Build | Farm |
| 23:20 | Build | House |
| 23:20 | Build | House |
| 23:25 | Create | Camel Scout ×3 |
| 23:30 | Build | House |
| 23:49 | Build | Lumber Camp |
| 23:51 | Create | Villager (Male) |
| 24:04 | Create | Camel Scout ×2 |
| 24:21 | Create | Villager (Male) |
| 24:21 | Create | Villager (Male) |
| 24:22 | Create | Villager (Male) |
| 24:25 | Create | Villager (Male) |
| 24:41 | Create | Camel Scout |
| 24:59 | Build | Farm |
| 24:59 | Build | Farm |
| 25:00 | Build | Farm |
| 25:07 | Build | House |
| 25:14 | Create | Villager (Male) |
| 25:22 | Build | Mill |
| 25:23 | Build | Farm |
| 25:24 | Build | Farm |
| 25:25 | Build | Farm |
| 25:25 | Build | Farm |
| 25:26 | Build | Farm |
| 25:36 | Build | Palisade Wall |
| 25:39 | Create | Villager (Male) |
| 25:41 | Create | Villager (Male) |
| 25:43 | Create | Villager (Male) |
| 25:48 | Build | Farm |
| 25:48 | Build | Farm |
| 25:52 | Research | Horse Collar |
| 26:02 | Build | Farm |
| 26:07 | Build | Farm |
| 26:08 | Build | Farm |
| 26:09 | Build | Farm |
| 26:09 | Build | Farm |
Build order — Epluchpatat
First 150 of 167 actions detected
| 0:02 | Research | Loom |
| 0:05 | Build | House |
| 0:52 | Create | Villager (Male) |
| 1:26 | Create | Villager (Male) |
| 1:51 | Create | Villager (Male) |
| 1:59 | Build | Lumber Camp |
| 2:20 | Create | Villager (Male) |
| 2:50 | Create | Villager (Male) |
| 3:27 | Create | Villager (Male) |
| 3:54 | Create | Villager (Male) |
| 3:59 | Build | House |
| 4:24 | Create | Villager (Male) |
| 4:33 | Build | Mill |
| 4:55 | Create | Villager (Male) |
| 5:09 | Create | Villager (Male) |
| 5:35 | Build | Farm |
| 6:21 | Create | Villager (Male) |
| 6:21 | Create | Villager (Male) |
| 6:22 | Create | Villager (Male) |
| 6:41 | Create | Villager (Male) |
| 7:04 | Build | Lumber Camp |
| 7:15 | Create | Villager (Male) |
| 7:19 | Create | Villager (Male) |
| 8:20 | Build | House |
| 8:50 | Research | Feudal Age |
| 8:56 | Build | Barracks |
| 9:00 | Build | House |
| 9:37 | Build | Farm |
| 9:40 | Build | Farm |
| 10:07 | Build | House |
| 10:29 | Build | House |
| 10:32 | Build | House |
| 11:01 | Age | Feudal Age |
| 11:03 | Build | Stable |
| 11:07 | Create | Villager (Male) |
| 11:08 | Create | Villager (Male) |
| 11:08 | Create | Villager (Male) |
| 11:08 | Create | Villager (Male) |
| 11:09 | Create | Villager (Male) |
| 11:09 | Create | Villager (Male) |
| 11:09 | Create | Villager (Male) |
| 11:15 | Research | Horse Collar |
| 11:19 | Research | Double-Bit Axe |
| 11:28 | Build | Stone Wall |
| 11:41 | Build | Stone Wall |
| 11:54 | Build | Mining Camp |
| 11:58 | Build | House |
| 12:00 | Create | Scout Cavalry |
| 12:00 | Create | Scout Cavalry |
| 12:19 | Create | Villager (Male) |
| 12:24 | Create | Scout Cavalry |
| 12:24 | Create | Scout Cavalry |
| 13:22 | Research | Wheelbarrow |
| 13:26 | Build | Farm |
| 13:29 | Build | Farm |
| 13:32 | Build | Farm |
| 13:34 | Build | Farm |
| 13:37 | Build | Farm |
| 13:53 | Build | Stone Wall |
| 14:09 | Build | Mining Camp |
| 14:18 | Build | Farm |
| 14:21 | Build | Farm |
| 14:29 | Create | Scout Cavalry |
| 14:29 | Create | Scout Cavalry |
| 14:33 | Build | Farm |
| 14:46 | Build | Building 487 |
| 15:15 | Create | Villager (Male) |
| 15:15 | Create | Villager (Male) |
| 15:15 | Create | Villager (Male) |
| 15:16 | Create | Villager (Male) |
| 15:45 | Build | Farm |
| 15:55 | Build | Farm |
| 16:13 | Build | Farm |
| 16:22 | Research | Bloodlines |
| 16:23 | Create | Scout Cavalry |
| 16:56 | Build | Building 665 |
| 17:16 | Build | Building 665 |
| 17:34 | Build | Building 490 |
| 17:39 | Create | Villager (Male) |
| 17:40 | Create | Villager (Male) |
| 17:40 | Create | Villager (Male) |
| 17:45 | Build | Farm |
| 17:50 | Build | Farm |
| 17:55 | Build | Farm |
| 17:59 | Build | Farm |
| 18:02 | Create | Villager (Male) |
| 18:02 | Create | Villager (Male) |
| 18:03 | Create | Villager (Male) |
| 18:03 | Create | Villager (Male) |
| 18:10 | Research | Stone Mining |
| 18:46 | Create | Scout Cavalry |
| 18:47 | Create | Scout Cavalry |
| 18:47 | Create | Scout Cavalry |
| 18:52 | Build | Farm |
| 18:54 | Create | Villager (Male) |
| 19:40 | Build | Blacksmith |
| 19:51 | Create | Scout Cavalry |
| 20:21 | Create | Villager (Male) |
| 20:22 | Create | Villager (Male) |
| 20:35 | Research | Forging |
| 20:36 | Research | Scale Barding Armor |
| 20:44 | Create | Scout Cavalry |
| 20:53 | Research | Gold Mining |
| 21:12 | Build | House |
| 21:13 | Build | House |
| 21:15 | Build | House |
| 21:16 | Build | House |
| 21:23 | Build | House |
| 21:30 | Create | Villager (Male) |
| 21:31 | Create | Villager (Male) |
| 21:31 | Create | Villager (Male) |
| 22:34 | Research | Castle Age |
| 22:55 | Create | Villager (Male) |
| 24:37 | Research | Arson |
| 25:05 | Build | Market |
| 25:14 | Age | Castle Age |
| 26:02 | Research | Hand Cart |
| 26:22 | Build | Castle |
| 26:37 | Build | Town Center |
| 26:44 | Research | Padded Archer Armor |
| 26:44 | Research | Fletching |
| 26:45 | Research | Iron Casting |
| 26:45 | Research | Scale Mail Armor |
| 26:46 | Research | Chain Barding Armor |
| 26:52 | Research | Husbandry |
| 26:53 | Create | Knight |
| 26:53 | Create | Knight |
| 26:54 | Create | Knight |
| 26:54 | Create | Knight |
| 26:54 | Create | Knight |
| 26:54 | Create | Knight |
| 26:55 | Create | Knight |
| 27:09 | Build | Archery Range |
| 27:23 | Build | Farm |
| 27:28 | Research | Bow Saw |
| 27:47 | Create | Villager (Male) |
| 27:48 | Create | Villager (Male) |
| 27:48 | Create | Villager (Male) |
| 27:48 | Create | Villager (Male) |
| 27:49 | Create | Villager (Male) |
| 28:23 | Build | Farm |
| 28:47 | Create | Villager (Male) |
| 28:47 | Create | Villager (Male) |
| 28:47 | Create | Villager (Male) |
| 29:07 | Research | Heavy Plow |
| 29:48 | Build | Farm |
| 29:54 | Build | Farm |
| 30:08 | Research | Squires |
| 30:09 | Create | Fire Lancer |
| 30:15 | Create | Knight |
Build order — Incognity
First 150 of 186 actions detected
| 0:00 | Create | Villager (Male) |
| 0:00 | Create | Villager (Male) |
| 0:00 | Create | Villager (Male) |
| 0:01 | Create | Villager (Male) |
| 0:01 | Create | Villager (Male) |
| 0:02 | Build | House |
| 0:04 | Build | House |
| 1:24 | Create | Villager (Male) |
| 1:46 | Build | Lumber Camp |
| 2:05 | Create | Villager (Male) |
| 2:24 | Create | Villager (Male) |
| 2:52 | Create | Villager (Male) |
| 3:07 | Create | Villager (Male) |
| 3:33 | Build | House |
| 3:34 | Build | House |
| 3:46 | Create | Villager (Male) |
| 3:51 | Create | Villager (Male) |
| 4:15 | Build | Mill |
| 4:36 | Create | Villager (Male) |
| 5:01 | Create | Villager (Male) |
| 5:10 | Create | Villager (Male) |
| 5:28 | Create | Villager (Male) |
| 5:55 | Create | Villager (Male) |
| 5:55 | Create | Villager (Male) |
| 6:50 | Build | Barracks |
| 6:54 | Create | Villager (Male) |
| 7:04 | Create | Villager (Male) |
| 8:11 | Build | House |
| 8:13 | Build | House |
| 8:16 | Research | Feudal Age |
| 9:14 | Build | Lumber Camp |
| 9:37 | Build | House |
| 9:45 | Build | Mining Camp |
| 9:48 | Create | Villager (Male) |
| 9:49 | Create | Villager (Male) |
| 9:49 | Create | Villager (Male) |
| 10:06 | Create | Villager (Male) |
| 10:10 | Build | House |
| 10:12 | Build | House |
| 10:26 | Age | Feudal Age |
| 10:28 | Research | Double-Bit Axe |
| 10:47 | Research | Gold Mining |
| 11:17 | Build | Archery Range |
| 11:23 | Research | Horse Collar |
| 11:31 | Create | Villager (Male) |
| 11:45 | Build | Farm |
| 11:58 | Create | Villager (Male) |
| 12:11 | Build | Archery Range |
| 12:13 | Create | Archer |
| 12:16 | Create | Spearman |
| 12:28 | Build | Blacksmith |
| 12:46 | Build | Farm |
| 12:47 | Create | Villager (Male) |
| 12:52 | Create | Archer |
| 12:58 | Build | Farm |
| 13:06 | Create | Archer |
| 13:11 | Build | House |
| 13:20 | Create | Villager (Male) |
| 13:24 | Build | Farm |
| 13:43 | Build | House |
| 13:44 | Build | House |
| 13:51 | Build | Farm |
| 13:51 | Create | Villager (Male) |
| 13:52 | Create | Villager (Male) |
| 13:57 | Create | Archer |
| 13:59 | Create | Archer |
| 14:00 | Create | Archer |
| 14:02 | Create | Archer |
| 14:19 | Build | Farm |
| 14:35 | Create | Villager (Male) |
| 14:45 | Build | Farm |
| 14:58 | Build | Market |
| 15:02 | Create | Villager (Male) |
| 15:05 | Create | Archer |
| 15:06 | Create | Archer |
| 15:11 | Build | Farm |
| 15:24 | Build | Farm |
| 15:31 | Build | Farm |
| 15:41 | Build | Mining Camp |
| 15:49 | Build | Stone Wall |
| 15:53 | Create | Archer |
| 15:53 | Create | Archer |
| 16:00 | Create | Archer |
| 16:02 | Create | Villager (Male) |
| 16:02 | Create | Villager (Male) |
| 16:06 | Research | Padded Archer Armor |
| 16:14 | Build | House |
| 16:15 | Build | House |
| 16:27 | Research | Stone Mining |
| 16:32 | Build | Farm |
| 16:51 | Create | Villager (Male) |
| 16:51 | Create | Villager (Male) |
| 17:07 | Build | Farm |
| 17:26 | Build | Stone Wall |
| 17:51 | Build | Farm |
| 18:38 | Research | Fletching |
| 19:55 | Create | Villager (Male) |
| 19:58 | Research | Castle Age |
| 20:12 | Build | Stone Wall |
| 21:26 | Create | Villager (Male) |
| 21:27 | Create | Villager (Male) |
| 21:27 | Create | Villager (Male) |
| 22:16 | Build | Stone Wall |
| 22:37 | Research | Forging |
| 22:38 | Age | Castle Age |
| 22:38 | Research | Scale Mail Armor |
| 22:40 | Research | Heavy Plow |
| 22:41 | Research | Bow Saw |
| 22:41 | Research | Gold Shaft Mining |
| 23:10 | Build | Town Center |
| 23:32 | Create | Villager (Male) |
| 23:37 | Build | Mill |
| 23:38 | Create | Villager (Male) |
| 23:41 | Research | Crossbowman (upgrade) |
| 24:01 | Build | Farm |
| 24:08 | Build | University |
| 24:23 | Build | Archery Range |
| 24:27 | Build | Siege Workshop |
| 24:37 | Build | Farm |
| 24:40 | Build | Farm |
| 24:56 | Create | Archer |
| 24:57 | Create | Archer |
| 24:57 | Create | Archer |
| 24:57 | Create | Archer |
| 24:57 | Create | Archer |
| 24:57 | Create | Archer |
| 24:58 | Create | Archer |
| 25:00 | Build | Farm |
| 25:02 | Create | Villager (Male) |
| 25:03 | Create | Villager (Male) |
| 25:03 | Create | Villager (Male) |
| 25:04 | Create | Villager (Male) |
| 25:12 | Create | Villager (Male) |
| 25:12 | Create | Villager (Male) |
| 25:13 | Create | Villager (Male) |
| 25:13 | Create | Villager (Male) |
| 25:34 | Build | Building 490 |
| 25:44 | Research | Ballistics |
| 25:48 | Build | Farm |
| 26:01 | Create | Villager (Male) |
| 26:18 | Build | Castle |
| 26:23 | Create | Battering Ram |
| 26:23 | Create | Battering Ram |
| 26:32 | Create | Villager (Male) |
| 26:34 | Create | Villager (Male) |
| 26:35 | Create | Villager (Male) |
| 26:56 | Create | Archer |
| 26:57 | Create | Archer |
| 26:58 | Create | Archer |
| 27:11 | Create | Villager (Male) |
Match timeline
| 6:50 | Incognity · first_building Barracks |
| 7:47 | Alex · wall_segment Palisade Wall x5 |
| 7:53 | HulkHoden · first_building Barracks |
| 8:32 | Alex · wall_segment Palisade Wall x6 |
| 8:34 | Alex · wall_segment Palisade Wall x5 |
| 8:43 | Alex · wall_segment Palisade Wall x4 |
| 8:56 | Epluchpatat · first_building Barracks |
| 9:31 | HulkHoden · wall_segment Palisade Wall x9 |
| 9:43 | Alex · age_up feudal |
| 10:15 | Alex · wall_segment Palisade Wall x3 |
| 10:26 | Incognity · age_up feudal |
| 10:27 | Alex · wall_segment Palisade Wall x4 |
| 10:51 | HulkHoden · age_up feudal |
| 11:01 | Epluchpatat · age_up feudal |
| 11:03 | Epluchpatat · first_building Stable |
| 11:17 | Incognity · first_building Archery Range |
| 11:28 | Epluchpatat · wall_segment Stone Wall x11 |
| 11:41 | Epluchpatat · wall_segment Stone Wall x19 |
| 13:53 | Epluchpatat · wall_segment Stone Wall x18 |
| 13:56 | Alex · wall_segment Palisade Wall x8 |
| 14:54 | Alex · first_market_sell 100 wood |
| 15:13 | Alex · wall_segment Palisade Wall x10 |
| 15:23 | Alex · first_building Barracks |
| 15:37 | HulkHoden · first_building Archery Range |
| 15:49 | Incognity · wall_segment Stone Wall x15 |
| 16:57 | HulkHoden · wall_segment Palisade Wall x8 |
| 17:26 | Incognity · wall_segment Stone Wall x19 |
| 17:34 | Alex · wall_segment Palisade Wall x9 |
| 17:35 | Alex · age_up castle |
| 18:47 | Alex · first_building Stable |
| 18:57 | Alex · first_market_buy 100 food |
| 19:00 | HulkHoden · age_up castle |
| 20:12 | Incognity · wall_segment Stone Wall x6 |
| 22:16 | Incognity · wall_segment Stone Wall x7 |
| 22:38 | Incognity · age_up castle |
| 24:27 | Incognity · first_building Siege Workshop |
| 25:14 | Epluchpatat · age_up castle |
| 25:36 | Alex · wall_segment Palisade Wall x1 |
| 26:18 | Incognity · first_building Castle |
| 26:22 | Epluchpatat · first_building Castle |
| 27:09 | Epluchpatat · first_building Archery Range |
| 28:47 | Alex · wall_segment Palisade Wall x6 |
| 30:30 | Alex · wall_segment Palisade Wall x3 |
| 31:14 | HulkHoden · resign |
[ AI ANALYSIS · 1 CREDIT ]
What really happened in this match?
Wolo.gg analyzes every decision: build order, eco, micro, common mistakes by bracket. Personalized analysis on WhatsApp or Discord in 30 seconds.
Civ guide
Vietnamese
Map guide
Arabia
Perfil
Jugador #810682